[Event "Titled Tuesday Blitz May 31 Early 2022"]
[White "Eljanov, Pavel"]
[Black "Donchenko, Alexander"]
[WhiteFideId "14102951"]
[BlackFideId "24603295"]
[WhiteElo "2601"]
[BlackElo "2572"]
[Result "0-1"]
[Round "06"]
[TimeControl "180+1"]
[Date "2022.05.31"]
[WhiteClock "0:00:02"]
[BlackClock "0:00:19"]

1. d4 Nf6 2. Nf3 d5 3. Bf4 e6 4. e3 Bd6 5. Nbd2 O-O 6. Bd3 b6 7. Qe2 Bb7 8. h4 c5 9. c3 Nc6 10. h5 Bxf4 11. exf4 cxd4 12. Nxd4 Nxd4 13. cxd4 Qd6 14. g3 h6 15. O-O Rac8 16. Rac1 Rxc1 17. Rxc1 Rc8 18. Rxc8+ Bxc8 19. a3 Bd7 20. Kg2 Qc7 21. Qe5 Qxe5 22. fxe5 Nxh5 23. Be2 g6 24. Bxh5 gxh5 25. Kh3 Kg7 26. Kh4 Kg6 27. Nf1 Be8 28. Ne3 f6 29. exf6 Kxf6 30. f4 Bg6 31. b4 Be8 32. Kh3 a5 33. Kh4 axb4 34. axb4 Ke7 35. Kh3 Kd6 36. Nd1 Bg6 37. Kh4 Kc7 38. Nc3 Kc6 39. b5+ Kd6 40. Na4 Kc7 41. Nc3 Be8 42. Kh3 Kd6 43. Kh4 Bg6 44. Kh3 Bf5+ 45. Kh4 Bg4 46. Na4 Kc7 47. f5 Bxf5 48. Kxh5 e5 49. dxe5 d4 50. Kxh6 d3 51. Kg5 d2 52. Nc3 Bc2 53. Kf6 d1=Q 54. Nxd1 Bxd1 55. e6 Ba4 56. e7 Bxb5 57. g4 Be8 58. Kg7 Kd7 59. Kf8 b5 0-1


[Site "https://www.chess.com"]

[Event "Titled Tuesday Blitz May 31 Early 2022"]
[White "Gokerkan, Cem Kaan"]
[Black "Aravindh, Chithambaram VR."]
[WhiteFideId "6336760"]
[BlackFideId "5072786"]
[WhiteElo "2382"]
[BlackElo "2561"]
[Result "0-1"]
[Round "06"]
[TimeControl "180+1"]
[Date "2022.05.31"]
[WhiteClock "0:00:04"]
[BlackClock "0:00:03"]

1. e4 g6 2. d4 Bg7 3. Nc3 d5 4. exd5 Nf6 5. Bc4 Nbd7 6. Nf3 Nb6 7. Bb3 a5 8. a4 Nfxd5 9. Nxd5 Nxd5 10. O-O O-O 11. Re1 Bg4 12. h3 Bxf3 13. Qxf3 e6 14. c3 c6 15. g3 Qd7 16. h4 h5 17. Bg5 Rfe8 18. Re2 Ne7 19. Rae1 Nf5 20. g4 hxg4 21. Qxg4 b5 22. axb5 a4 23. bxc6 Qxc6 24. d5 exd5 25. Bxd5 Rxe2 26. Bxc6 Rxe1+ 27. Kg2 Ra5 28. Be4 Re5 29. Bxf5 Rxf5 30. Qxa4 Re2 31. Be3 Rxb2 32. Qe8+ Kh7 33. c4 Re2 34. h5 Rfxf2+ 35. Kg3 Rf5 36. hxg6+ fxg6 37. Qe4 Be5+ 38. Kg4 Rf4+ 39. Qxf4 Bxf4 40. Kxf4 Rc2 41. c5 Kg7 42. Ke4 Kf6 43. Kd5 Ke7 44. c6 Kd8 45. Bg5+ Kc7 46. Bf4+ Kc8 47. c7 Re2 48. Kd4 Re1 49. Kd5 Kd7 50. Kd4 Re6 51. Kd5 Rf6 52. Ke4 Rf5 53. Be5 Rh5 54. Bg3 Rh8 55. Be5 Re8 56. Kf4 Ke6 57. Ke4 Ra8 58. Bg3 Ra4+ 59. Kf3 Kd7 60. Bf4 Rc4 61. Kg4 Ke6 62. Kg5 Kf7 63. Bg3 Rc5+ 64. Kg4 Kf6 65. Bh4+ g5 66. c8=Q Rxc8 67. Bxg5+ Ke5 68. Be3 Ke4 69. Bb6 Rg8+ 70. Kh3 Kf3 71. Kh2 Rg6 72. Bc5 Rc6 73. Bd4 Rc4 74. Bb6 Rc1 75. Bg1 Rc6 76. Kh1 Rg6 77. Kh2 Rh6# 0-1


[Site "https://www.chess.com"]

[Event "Titled Tuesday Blitz May 31 Early 2022"]
[White "Goltsev, Dmitry"]
[Black "Chigaev, Maksim"]
[WhiteFideId "24176710"]
[BlackFideId "4108116"]
[WhiteElo "2258"]
[BlackElo "2457"]
[Result "1-0"]
[Round "06"]
[TimeControl "180+1"]
[Date "2022.05.31"]
[WhiteClock "0:00:48"]
[BlackClock "0:00:40"]

1. e4 e6 2. d4 d5 3. exd5 exd5 4. Nf3 Bd6 5. Bd3 Ne7 6. O-O O-O 7. Re1 Nbc6 8. c3 Bf5 9. Bg5 f6 10. Bh4 Qd7 11. Bg3 Bxg3 12. hxg3 Rae8 13. Na3 a6 14. Nc2 Bxd3 15. Qxd3 Nf5 16. Ne3 Nxe3 17. Rxe3 Rxe3 18. Qxe3 Re8 19. Qd2 Re4 20. Re1 Ne7 21. Rxe4 dxe4 22. Ne1 Qe6 23. b3 b5 24. Nc2 Nf5 25. Ne3 Nd6 26. d5 Qe5 27. c4 Kf7 28. c5 Nb7 29. b4 h5 30. Qd1 g6 31. Qb3 Ke7 32. d6+ Nxd6 33. cxd6+ Qxd6 34. Qg8 f5 35. Nd5+ Kd7 36. Qf7+ Kc6 37. Ne7+ Kb7 38. Nxg6 Qxb4 39. Kh2 Qc4 40. Qxf5 Qxa2 41. Qxe4+ c6 42. f4 Qd5 43. Qxd5 cxd5 44. f5 b4 45. f6 b3 46. f7 b2 47. f8=Q b1=Q 48. Qf7+ Kc6 49. Ne7+ Kd6 50. Nf5+ Ke5 51. Qe7+ 1-0


[Site "https://www.chess.com"]

[Event "Titled Tuesday Blitz May 31 Early 2022"]
[White "Dronavalli, Harika"]
[Black "Salinas Herrera, Pablo"]
[WhiteFideId "5015197"]
[BlackFideId "3407128"]
[WhiteElo "2382"]
[BlackElo "2541"]
[Result "1-0"]
[Round "06"]
[TimeControl "180+1"]
[Date "2022.05.31"]
[WhiteClock "0:00:09"]
[BlackClock "0:00:03"]

1. e4 c5 2. c3 e6 3. d4 d5 4. e5 Nc6 5. Nf3 Qb6 6. Bd3 Bd7 7. O-O cxd4 8. a3 Nh6 9. b4 dxc3 10. Nxc3 Rc8 11. Be3 Qd8 12. Nb5 a6 13. Bxh6 gxh6 14. Nd6+ Bxd6 15. exd6 Qf6 16. b5 axb5 17. Bxb5 Qf4 18. Re1 Qxd6 19. Qd2 O-O 20. Qxh6 f6 21. Bxc6 bxc6 22. a4 Rf7 23. a5 c5 24. Reb1 Ra8 25. Qc1 c4 26. Rb7 Bc8 27. Rxf7 Kxf7 28. Qh6 Qf8 29. Qxh7+ Qg7 30. Qb1 Kg8 31. Qb6 Qa7 32. Qd8+ Kf7 33. Qh8 Qe7 34. Qh7+ Ke8 35. Qg8+ Kd7 36. Nd4 Bb7 37. Qg4 f5 38. Qf4 Qd6 39. Qg5 Bc8 40. Qg7+ Qe7 41. Qe5 Qd6 42. Qg7+ Qe7 43. Qe5 Bb7 44. Nb5 Kc6 45. Nd4+ Kd7 46. Nb5 Kc6 47. Rb1 Ba6 48. Nd4+ Kd7 49. Rb6 Bc8 50. Rxe6 Qb4 51. Qxd5+ Kc7 52. Rc6+ Kb8 53. Rb6+ Qxb6 54. Nc6+ Kb7 55. Nd8+ Kc7 56. axb6+ Kb8 57. Qd6# 1-0


[Site "https://www.chess.com"]

[Event "Titled Tuesday Blitz May 31 Early 2022"]
[White "Harvey, Marcus R"]
[Black "Costachi, Mihnea"]
[WhiteFideId "400092"]
[BlackFideId "1217518"]
[WhiteElo "2485"]
[BlackElo "2476"]
[Result "0-1"]
[Round "06"]
[TimeControl "180+1"]
[Date "2022.05.31"]
[WhiteClock "0:00:05"]
[BlackClock "0:01:35"]

1. d4 d5 2. c4 c6 3. Nf3 Nf6 4. g3 g6 5. Bg2 Bg7 6. O-O O-O 7. Ne5 Ng4 8. Nxg4 Bxg4 9. cxd5 cxd5 10. Nc3 Nc6 11. Be3 Be6 12. Qd2 Na5 13. b3 b6 14. Rac1 Qd7 15. Bh6 Rfc8 16. Bxg7 Kxg7 17. Rc2 Nc6 18. Rfc1 Nb4 19. Rb2 Rc7 20. a3 Na6 21. Qd3 Rac8 22. Rbc2 Bf5 23. e4 dxe4 24. Qxa6 e3 25. fxe3 Bxc2 26. Nd5 Rc6 27. Nb4 Rc3 28. Rf1 Bxb3 29. Rf2 Bc4 30. Qb7 Rc1+ 31. Rf1 Rxf1+ 0-1


[Site "https://www.chess.com"]

[Event "Titled Tuesday Blitz May 31 Early 2022"]
[White "Hasangatin, Ramil"]
[Black "Indjic, Aleksandar"]
[WhiteFideId "4122160"]
[BlackFideId "911925"]
[WhiteElo "2399"]
[BlackElo "2616"]
[Result "1/2-1/2"]
[Round "06"]
[TimeControl "180+1"]
[Date "2022.05.31"]
[WhiteClock "0:00:13"]
[BlackClock "0:00:26"]

1. e4 c5 2. Nf3 d6 3. d4 cxd4 4. Qxd4 Nc6 5. Bb5 Bd7 6. Bxc6 Bxc6 7. Nc3 Nf6 8. Bg5 e6 9. O-O-O Be7 10. Rhe1 h6 11. Bh4 g5 12. Bg3 e5 13. Qd3 Qa5 14. Kb1 Rc8 15. Nd2 b5 16. f3 Qc7 17. Nf1 b4 18. Nb5 Bxb5 19. Qxb5+ Kf8 20. Ne3 Rb8 21. Qc4 Qxc4 22. Nxc4 Ne8 23. Bf2 Rb7 24. Rd5 a6 25. Red1 Rb5 26. Rxb5 axb5 27. Nb6 g4 28. Nd5 Rg8 29. Rg1 Rg6 30. Be3 Ng7 31. Nxb4 f5 32. Nd5 f4 33. Bb6 Ne6 34. b3 gxf3 35. gxf3 Rxg1+ 36. Bxg1 Ng5 37. a4 bxa4 38. bxa4 Bd8 39. Bb6 Bxb6 40. Nxb6 Ne6 41. a5 Nc5 42. Kc1 Ke7 43. Kd2 Kd8 44. Ke2 Kc7 45. Nd5+ Kc6 46. Ne7+ Kb5 47. Nf5 Kxa5 48. Nxd6 Kb4 49. Nf7 Kc3 50. Nxe5 Ne6 51. Nf7 h5 52. h4 Kxc2 53. Ng5 Nd4+ 54. Kf2 Kd3 55. Nh3 Ne6 56. Ng5 Nd4 57. Nh7 Ne6 58. Nf6 Kd4 59. Nxh5 Ke5 60. Kg2 Nc5 61. Ng7 Kf6 62. Nf5 Nd3 63. h5 Kg5 64. h6 Kg6 65. Kf1 Ne5 66. Ke2 Nc6 67. Nh4+ Kxh6 68. Ng2 Kg5 69. Ne1 Nd4+ 70. Kf2 Ne6 71. Nd3 Kf6 72. Kg2 Kg5 73. Kh3 Kh5 74. Kg2 Kg5 75. Kf2 Kf6 76. Ke2 Ke7 77. Kf1 Kf6 78. Kf2 Kg5 79. Nb4 Kf6 80. Nd5+ Kg5 81. Kg2 Kh4 82. Ne7 Kg5 83. Nf5 Nc5 84. Kf2 Nd7 85. Ke2 Ne5 86. Nd4 Kf6 87. Kf2 Nf7 88. Ne2 Kg5 89. Ng1 Kh4 90. Kg2 Ng5 91. Ne2 Ne6 92. Kh2 Kg5 93. Kh3 Kh5 94. Kg2 Kg5 95. Kf2 Kf6 96. Nc3 Kg5 97. Nd5 Kh4 98. Kg2 Kg5 99. Kh3 Kh5 100. Nf6+ Kg5 101. Ng4 Nd4 102. Kg2 Ne6 103. Nf2 Kh4 104. Nh3 Kh5 105. Ng1 Kh4 106. Ne2 Kg5 107. Kh3 Kh5 108. Kh2 Kg5 109. Kg1 Kh4 110. Kf2 Kh3 111. Nc3 Kh4 112. Nd5 Kg5 113. e5 Kf5 114. Nxf4 Kxf4 115. Ke2 Kf5 116. Kd3 Kxe5 117. Kc4 Nf4 118. Kb5 Kd4 119. Kc6 Ke3 120. Kd7 Kxf3 1/2-1/2


[Site "https://www.chess.com"]

[Event "Titled Tuesday Blitz May 31 Early 2022"]
[White "Ider, Borya"]
[Black "Girsh, Daniel"]
[WhiteFideId "4901134"]
[BlackFideId "30949190"]
[WhiteElo "2512"]
[BlackElo "2468"]
[Result "1-0"]
[Round "06"]
[TimeControl "180+1"]
[Date "2022.05.31"]
[WhiteClock "0:01:08"]
[BlackClock "0:01:05"]

1. Nf3 d5 2. g3 Nf6 3. Bg2 e6 4. d4 Be7 5. O-O O-O 6. c4 dxc4 7. Ne5 Nc6 8. Bxc6 bxc6 9. Nxc6 Qd7 10. Nxe7+ Qxe7 11. Qa4 e5 12. dxe5 Qxe5 13. Qxc4 Be6 14. Qd3 Rfd8 15. Qe3 Qh5 16. f3 Re8 17. Qg5 Qh3 18. Nc3 h6 19. Qc5 Nh5 20. Qf2 Nf6 21. e4 Rad8 22. Bf4 Nh5 23. Bxc7 Rc8 24. Bd6 Bc4 25. Rfd1 Nf6 26. Rd4 Ba6 27. Rad1 h5 28. Bf4 h4 29. Bg5 Nh7 30. Bd8 hxg3 31. Qxg3 Qh6 32. f4 Qh5 33. Rd5 f5 34. Rxf5 Qh6 35. Rfd5 Rcxd8 36. Rxd8 Qb6+ 37. R8d4 Rd8 38. Qf2 Rxd4 39. Rxd4 Nf6 40. Nd5 Nxd5 41. Rxd5 Qg6+ 42. Qg2 Qb6+ 43. Kh1 Bb7 44. Rd7 g6 45. Rxb7 Qxb7 46. Qxg6+ Kh8 47. Qh5+ Kg8 48. Qd5+ 1-0


[Site "https://www.chess.com"]

[Event "Titled Tuesday Blitz May 31 Early 2022"]
[White "Janaszak, Dawid"]
[Black "Vidit, Santosh Gujrathi"]
[WhiteFideId "1119206"]
[BlackFideId "5029465"]
[WhiteElo "2199"]
[BlackElo "2654"]
[Result "0-1"]
[Round "06"]
[TimeControl "180+1"]
[Date "2022.05.31"]
[WhiteClock "0:00:01"]
[BlackClock "0:00:44"]

1. e4 c5 2. Nc3 Nc6 3. Bb5 Nd4 4. Nf3 e6 5. O-O a6 6. Bd3 Nc6 7. Nd5 g5 8. Ne3 h5 9. c3 g4 10. Ne1 Bg7 11. Bc2 Nge7 12. f4 d5 13. f5 exf5 14. exf5 Qd6 15. Qe2 Be5 16. g3 Bd7 17. f6 Bxf6 18. Nxd5 Bd4+ 19. Ne3 Bxe3+ 20. dxe3 h4 21. Qc4 Ne5 22. Qf4 hxg3 23. hxg3 Bc6 24. e4 O-O-O 25. Be3 N7g6 26. Qf5+ Bd7 27. Qf2 b6 28. Rd1 Qc7 29. Bg5 Rde8 30. Bf6 Rh3 31. Kg2 Be6 32. b3 Rg8 33. Rd5 Nf3 34. Rh1 Rxh1 35. Kxh1 Bxd5 36. exd5 Qd6 37. Nxf3 Qxf6 38. Qe2 Qxf3+ 0-1


[Site "https://www.chess.com"]

[Event "Titled Tuesday Blitz May 31 Early 2022"]
[White "Kaasen, Tor Fredrik"]
[Black "Kucuksari, Kaan"]
[WhiteFideId "1516647"]
[BlackFideId "6380166"]
[WhiteElo "2335"]
[BlackElo "2305"]
[Result "1-0"]
[Round "06"]
[TimeControl "180+1"]
[Date "2022.06.01"]
[WhiteClock "0:00:12"]
[BlackClock "0:00:09"]

1. e4 c5 2. Nf3 e6 3. d4 cxd4 4. Nxd4 a6 5. g3 d5 6. Bg2 dxe4 7. Bxe4 Nf6 8. Bg2 e5 9. Nb3 Qxd1+ 10. Kxd1 Bg4+ 11. Ke1 Nc6 12. Bg5 O-O-O 13. Nc3 Bb4 14. a3 Nd4 15. axb4 Nxc2+ 16. Kf1 Nxa1 17. Nxa1 Rd4 18. Nc2 Rd7 19. Bxf6 gxf6 20. Nd5 Kb8 21. Nce3 Be6 22. Ke2 f5 23. f4 e4 24. Nc3 Rhd8 25. Rd1 Rxd1 26. Ncxd1 Rd4 27. Bh3 Rxb4 28. Bxf5 Bxf5 29. Nxf5 Kc7 30. Kd2 Rb3 31. Kc2 Rf3 32. Nd4 Rf1 33. Nc3 Rf2+ 34. Kc1 e3 35. Nd5+ Kd6 36. Nxe3 Rxh2 37. b4 h5 38. Nf3 Rh3 39. Ng5 Rh2 40. Nxf7+ Kc6 41. f5 Rf2 42. Ng5 Kb5 43. Ne4 Rf3 44. Nc3+ Kxb4 45. Ncd5+ Kc5 46. f6 Kd6 47. Kd2 a5 48. Ke2 Rxf6 49. Nxf6 a4 50. Nxh5 Ke5 51. Nf4 Kd4 52. g4 a3 53. Nc2+ Ke4 54. Nd3 a2 55. Na1 b6 56. Nb3 b5 57. Na1 Kd4 58. g5 Kd5 59. Kf3 Ke6 60. Kf4 Kf7 61. Kf5 Kg7 62. g6 Kg8 63. Kf6 Kf8 64. Nf4 b4 65. g7+ Kg8 66. Kg6 b3 67. Nh5 1-0


[Site "https://www.chess.com"]

[Event "Titled Tuesday Blitz May 31 Early 2022"]
[White "Kamsky, Gata"]
[Black "Melikyan, Gnel"]
[WhiteFideId "2000024"]
[BlackFideId "54109990"]
[WhiteElo "2645"]
[BlackElo "1772"]
[Result "1-0"]
[Round "06"]
[TimeControl "180+1"]
[Date "2022.05.31"]
[WhiteClock "0:00:16"]
[BlackClock "0:00:06"]

1. e4 c5 2. Nf3 Nc6 3. Bb5 g6 4. O-O Bg7 5. Bxc6 dxc6 6. h3 Nf6 7. Nc3 O-O 8. d3 Nd7 9. Be3 Re8 10. a4 a5 11. Nd2 b6 12. f4 e6 13. e5 f5 14. Nf3 Nf8 15. b3 Ra7 16. Qe1 h6 17. Kh1 Kh7 18. Qe2 Bh8 19. h4 h5 20. Nd1 Kg8 21. Nb2 Ba6 22. Qf2 Rd7 23. Rfd1 Rd5 24. Nc4 Re7 25. Rab1 Red7 26. Nd6 Bg7 27. c4 R5xd6 28. exd6 Rxd6 29. Qe2 Nd7 30. Rd2 Nf6 31. Rbd1 Ng4 32. Bg1 Bd4 33. Re1 Bc8 34. g3 Kg7 35. Rdd1 Qf6 36. Bxd4 cxd4 37. Qd2 c5 38. Ne5 Bb7+ 39. Kg1 Ne3 40. Rxe3 dxe3 41. Qxe3 Rd4 42. Kf2 Qd8 43. Ke1 Ba8 44. Kd2 Qc7 45. Kc3 Qb7 46. Re1 Qg2 47. Re2 Qb7 48. Rf2 Qe7 49. Qe1 Bb7 50. Kc2 Rd6 51. Re2 Bc8 52. Qc3 Qf6 53. Rd2 Bb7 54. d4 Be4+ 55. Kc1 Kh7 56. dxc5 Rxd2 57. Kxd2 Qd8+ 58. Kc1 bxc5 59. Qd2 Qc7 60. Qd7+ Qxd7 61. Nxd7 1-0


[Site "https://www.chess.com"]

[Event "Titled Tuesday Blitz May 31 Early 2022"]
[White "Keymer, Vincent"]
[Black "Fedoseev, Vladimir"]
[WhiteFideId "12940690"]
[BlackFideId "24130737"]
[WhiteElo "2548"]
[BlackElo "2726"]
[Result "0-1"]
[Round "06"]
[TimeControl "180+1"]
[Date "2022.05.31"]
[WhiteClock "0:00:01"]
[BlackClock "0:00:25"]

1. Nf3 d5 2. e3 c5 3. b3 a6 4. Bb2 Nc6 5. d4 Nf6 6. dxc5 e6 7. c4 Bxc5 8. Nc3 O-O 9. Be2 dxc4 10. Bxc4 b5 11. Bd3 Bb7 12. O-O Nb4 13. Be2 Qe7 14. Qb1 Rfd8 15. a3 Nbd5 16. Nxd5 Bxd5 17. b4 Bd6 18. Be5 Bxe5 19. Nxe5 Ne4 20. Qb2 Nd2 21. Rfd1 Qg5 22. g3 Ne4 23. Bf3 Qf5 24. Rac1 f6 25. Rxd5 Rxd5 26. Bxe4 Qxe4 27. Nc6 Rd6 28. Qc3 Re8 29. Qc5 Qd5 30. Qxd5 Rxd5 31. Nd4 e5 32. Nf5 g6 33. Nh4 Red8 34. Rc6 R5d6 35. Rc7 R8d7 36. Rc8+ Kg7 37. Nf3 Rd3 38. g4 g5 39. h4 h6 40. hxg5 hxg5 41. Nh2 Rxa3 42. Nf1 Ra4 43. Ng3 Rxb4 44. Nf5+ Kf7 45. Kf1 Rc4 46. Ra8 Rc6 47. Rh8 Ke6 48. e4 Rdc7 49. Re8+ Kd7 50. Ra8 Rb6 51. Rf8 b4 0-1


[Site "https://www.chess.com"]

[Event "Titled Tuesday Blitz May 31 Early 2022"]
[White "Kim, Sergey"]
[Black "Urazayev, Arystanbek"]
[WhiteFideId "13700570"]
[BlackFideId "13709810"]
[WhiteElo "2584"]
[BlackElo "2422"]
[Result "0-1"]
[Round "06"]
[TimeControl "180+1"]
[Date "2022.06.01"]
[WhiteClock "0:00:03"]
[BlackClock "0:00:03"]

1. d4 Nf6 2. c4 c5 3. d5 g6 4. Nc3 Bg7 5. e4 d6 6. Nge2 O-O 7. Ng3 e6 8. Be2 exd5 9. cxd5 a6 10. a4 Re8 11. O-O Nbd7 12. Bf4 Ne5 13. Qd2 h5 14. Bg5 Qa5 15. f4 Ned7 16. e5 dxe5 17. f5 c4 18. Bxf6 Nxf6 19. fxg6 fxg6 20. Qg5 Qb6+ 21. Kh1 Nh7 22. Qh4 Bf6 23. Qxc4 Bd7 24. Nge4 Bg7 25. a5 Qd4 26. Qc7 Bf5 27. Nd6 Rf8 28. Nxf5 gxf5 29. Bxh5 e4 30. Rad1 Qe5 31. d6 Nf6 32. Be2 Rfd8 33. Qxb7 Rab8 34. Qc7 Kh8 35. Qe7 Qxa5 36. d7 Qb4 37. Qf7 Qxb2 38. Rc1 Rxd7 39. Qg6 Qd2 40. Qxf5 Rc7 41. Qh3+ Qh6 42. Qe6 Rbc8 43. Bxa6 Rxc3 44. Bxc8 Rxc1 45. Qf5 Rxf1+ 46. Qxf1 Qd2 47. Bg4 Nxg4 48. h3 Nf2+ 49. Kg1 e3 50. Kh2 Be5+ 51. g3 Ng4+ 0-1


[Site "https://www.chess.com"]

[Event "Titled Tuesday Blitz May 31 Early 2022"]
[White "Koellner, Ruben Gideon"]
[Black "Skliarov, Viktor"]
[WhiteFideId "12993093"]
[BlackFideId "14106736"]
[WhiteElo "2555"]
[BlackElo "2229"]
[Result "0-1"]
[Round "06"]
[TimeControl "180+1"]
[Date "2022.06.01"]
[WhiteClock "0:00:07"]
[BlackClock "0:00:23"]

1. d4 Nf6 2. Bg5 Ne4 3. Bf4 c5 4. f3 Qa5+ 5. c3 Nf6 6. d5 Qb6 7. Bc1 e6 8. e4 exd5 9. exd5 d6 10. c4 Be7 11. Nc3 O-O 12. Bd3 Nbd7 13. f4 Re8 14. Kf2 Nf8 15. h3 a6 16. Nf3 Bd7 17. g4 Qc7 18. a4 b5 19. axb5 axb5 20. Rxa8 Rxa8 21. cxb5 c4 22. Bc2 Ra1 23. Qd4 Bd8 24. Re1 Qb7 25. Be3 Ra5 26. g5 Nh5 27. Qxc4 Bxb5 28. Qb4 Qa6 29. Qe4 Bd7 30. Bd3 Qb7 31. Re2 Ra1 32. Bb1 Bxh3 33. Nh4 Bd7 34. Nf5 Bxf5 35. Qxf5 Bb6 36. Bxb6 Qxb6+ 37. Kg2 Qd8 38. Qe4 g6 39. Bd3 Ng7 40. Qf3 h5 41. gxh6 Qh4 42. Qh3 Qxh3+ 43. Kxh3 Nh5 44. Kg4 Rf1 45. Re4 Nf6+ 46. Kg3 Nxe4+ 47. Nxe4 Rd1 48. Be2 Rd4 49. Kf3 Nd7 50. Ke3 Rxd5 51. Bc4 Ra5 52. Ng5 d5 53. Bb3 f6 54. Nf3 Kh7 55. Nd4 Kxh6 56. Nc6 Rb5 57. Nd4 Rb4 58. Kd3 Nc5+ 59. Kc3 Rxd4 60. Kxd4 Nxb3+ 61. Kxd5 g5 62. fxg5+ fxg5 63. Kc4 Na5+ 64. Kb5 Nb7 65. Kc6 Nd8+ 66. Kd7 Nf7 67. b4 Ne5+ 68. Kd6 Nc4+ 69. Kc5 Na3 70. b5 Nxb5 71. Kxb5 Kh5 72. Kc4 Kg4 73. Kd3 Kf3 74. Kd2 Kf2 75. Kd3 g4 76. Ke4 g3 77. Kf4 g2 78. Kg4 g1=Q+ 79. Kf4 Qg3+ 0-1


[Site "https://www.chess.com"]

[Event "Titled Tuesday Blitz May 31 Early 2022"]
[White "Koutlas, Nikolaos"]
[Black "Pinheiro, Iung Alicio de O."]
[WhiteFideId "25827138"]
[BlackFideId "2104350"]
[WhiteElo "1645"]
[BlackElo "2283"]
[Result "0-1"]
[Round "06"]
[TimeControl "180+1"]
[Date "2022.06.01"]
[WhiteClock "0:00:03"]
[BlackClock "0:00:04"]

1. e3 d5 2. d4 Nf6 3. Nf3 e6 4. b3 Be7 5. Bd3 Nbd7 6. O-O O-O 7. Bb2 b6 8. c4 Bb7 9. Ne5 dxc4 10. Bxc4 Nxe5 11. dxe5 Ne4 12. Qg4 Bc5 13. Nc3 Nxc3 14. Bxc3 Qe7 15. h4 a5 16. h5 h6 17. Rfd1 Rad8 18. Kf1 Rxd1+ 19. Rxd1 Rd8 20. Rxd8+ Qxd8 21. Ke2 Bc6 22. a4 Qa8 23. f3 Bd5 24. Qf4 Kf8 25. g4 Be7 26. Bxd5 Qxd5 27. Qc4 Qd7 28. f4 Ke8 29. e4 Kd8 30. f5 Kc8 31. f6 gxf6 32. exf6 Bc5 33. Qd3 Qc6 34. Bd2 Bf8 35. Qb5 Qd6 36. Qe8+ Kb7 37. Qxf7 Qh2+ 38. Kd3 Qg3+ 39. Kc2 Bc5 40. Qxe6 Qf3 41. Qd5+ Ka7 42. f7 Bd6 43. Qc4 Qxg4 44. e5 Qf5+ 45. Qd3 Qxe5 46. Bxh6 Qxh5 47. f8=Q Bxf8 48. Bxf8 Qh2+ 49. Kb1 Kb7 50. Ba3 Qg1+ 51. Bc1 Qg7 52. Be3 Qe7 53. Qd5+ Ka7 54. Qd4 Kb7 55. Kc2 Qh7+ 56. Kc3 Qb1 57. Qd3 Qa1+ 58. Kc4 Qh1 59. Bd4 Qc6+ 60. Bc5 Qxc5# 0-1


[Site "https://www.chess.com"]

[Event "Titled Tuesday Blitz May 31 Early 2022"]
[White "Kovalev, Vladislav"]
[Black "Ponkratov, Pavel"]
[WhiteFideId "13504398"]
[BlackFideId "4157800"]
[WhiteElo "2530"]
[BlackElo "2487"]
[Result "1-0"]
[Round "06"]
[TimeControl "180+1"]
[Date "2022.05.31"]
[WhiteClock "0:00:12"]
[BlackClock "0:00:25"]

1. e4 e5 2. Nf3 Nf6 3. Nxe5 Nxe4 4. Qe2 Qe7 5. Qxe4 d6 6. d4 dxe5 7. dxe5 Nc6 8. Nc3 Qxe5 9. Qxe5+ Nxe5 10. Bf4 Bd6 11. Bg3 Bf5 12. O-O-O O-O-O 13. Nb5 a6 14. Nxd6+ cxd6 15. Be2 Rhe8 16. Rhe1 f6 17. Rd2 Kc7 18. b3 Kc6 19. Red1 Rd7 20. a4 Re6 21. Kb2 Kc7 22. f3 Kc6 23. Bf1 Kc7 24. Rd4 Bg6 25. R4d2 Kd8 26. Bf2 Kc7 27. a5 h5 28. Bb6+ Kc8 29. c4 Bf5 30. b4 Nc6 31. b5 Nb8 32. bxa6 bxa6 33. c5 dxc5 34. Rxd7 Nxd7 35. Bxa6+ Kb8 36. Rxd7 Rxb6+ 37. axb6 Bxd7 38. Kc3 Be6 39. Bc4 Bd7 40. Ba6 Be6 41. h4 g5 42. g3 Bd5 43. f4 gxh4 44. gxh4 Be6 45. Bc4 Bg4 46. Bd5 Be2 47. Bc6 Bf1 48. Bf3 Bb5 49. Bxh5 Kb7 50. Bg6 Be2 51. h5 Bxh5 52. Bxh5 Kxb6 53. Kc4 Kc6 54. Bf3+ Kd6 55. Be4 Ke6 56. Kxc5 1-0


[Site "https://www.chess.com"]

[Event "Titled Tuesday Blitz May 31 Early 2022"]
[White "Kozlov, Oleg"]
[Black "Makarian, Rudik"]
[WhiteFideId "4104544"]
[BlackFideId "44105681"]
[WhiteElo "2132"]
[BlackElo "2419"]
[Result "0-1"]
[Round "06"]
[TimeControl "180+1"]
[Date "2022.05.31"]
[WhiteClock "0:00:01"]
[BlackClock "0:00:14"]

1. d4 g6 2. c4 Bg7 3. e4 d6 4. Nc3 e5 5. Nge2 Nc6 6. d5 Nce7 7. Be3 f5 8. f3 Bh6 9. Qd2 Bxe3 10. Qxe3 Nf6 11. O-O-O O-O 12. Qg5 Kg7 13. Qg3 b6 14. f4 Nh5 15. Qh4 exf4 16. Nxf4 Nxf4 17. Qxf4 fxe4 18. Qxe4 Nf5 19. Bd3 Bd7 20. Kb1 Qh4 21. Qe2 Nd4 22. Qe3 Qf4 23. Rhe1 Qxe3 24. Rxe3 Nf5 25. Re4 Rf7 26. Rde1 h5 27. R4e2 Nd4 28. Re4 Nf5 29. R4e2 h4 30. Ne4 Kh6 31. g3 Nd4 32. Re3 h3 33. Bf1 Raf8 34. Bd3 Nf3 35. Rd1 Nxh2 36. Rh1 Rf1+ 37. Bxf1 Rxf1+ 38. Rxf1 Nxf1 39. Re1 Bf5 40. Kc1 h2 41. Nf2 Nxg3 0-1


[Site "https://www.chess.com"]

[Event "Titled Tuesday Blitz May 31 Early 2022"]
[White "Le, Tuan Minh"]
[Black "Vokhidov, Shamsiddin"]
[WhiteFideId "12401153"]
[BlackFideId "14204223"]
[WhiteElo "2450"]
[BlackElo "2611"]
[Result "0-1"]
[Round "06"]
[TimeControl "180+1"]
[Date "2022.05.31"]
[WhiteClock "0:00:14"]
[BlackClock "0:02:03"]

1. d4 Nf6 2. Nf3 d5 3. Bf4 c5 4. c3 Nc6 5. e3 Nh5 6. Be5 f6 7. Bg3 g6 8. Nbd2 cxd4 9. cxd4 e5 10. dxe5 Nxg3 11. hxg3 fxe5 12. Bb5 e4 13. Nd4 Bd7 14. N2b3 Bb4+ 15. Kf1 O-O 16. Ne2 Bg4 17. Rh4 Qf6 18. Qxd5+ Be6 19. Rf4 Bxd5 20. Rxf6 Rxf6 21. Nf4 Bf7 22. Rc1 Rd8 23. Kg1 Ne5 24. Nd4 g5 25. Nh3 h6 26. Rc7 a6 27. Be2 Rd7 28. Rc8+ Kg7 29. f4 exf3 30. gxf3 Nc6 0-1


[Site "https://www.chess.com"]

[Event "Titled Tuesday Blitz May 31 Early 2022"]
[White "Leiva, Gianmarco"]
[Black "Stepanencu, Nicodim-Cosmin"]
[WhiteFideId "3804399"]
[BlackFideId "1256220"]
[WhiteElo "2323"]
[BlackElo "1945"]
[Result "1-0"]
[Round "06"]
[TimeControl "180+1"]
[Date "2022.05.31"]
[WhiteClock "0:00:08"]
[BlackClock "0:00:07"]

1. Nf3 Nf6 2. g3 d5 3. Bg2 c6 4. c4 Bg4 5. Ne5 Bf5 6. O-O e6 7. cxd5 cxd5 8. Nc3 Bd6 9. Qa4+ Nbd7 10. Nxd7 Qxd7 11. Qxd7+ Kxd7 12. d3 Bg6 13. Nb5 Bc5 14. Bf4 a6 15. Rfc1 Rac8 16. Nc3 Ng4 17. Nd1 Ba7 18. Bf3 Nf6 19. Be5 Rxc1 20. Rxc1 Rc8 21. Rxc8 Kxc8 22. h4 h5 23. Bxf6 gxf6 24. Kf1 Kd7 25. Ke1 Kd6 26. Kd2 f5 27. e3 d4 28. Bxb7 dxe3+ 29. Nxe3 a5 30. Bf3 Kc5 31. Nc4 Kb4 32. Ne3 Bd4 33. Kc2 Bb6 34. Bc6 Ba7 35. Be8 Kc5 36. Kd2 Kd6 37. Ke2 Bd4 38. f4 Bxb2 39. Nc4+ Kc5 40. Nxb2 Kb4 41. Nc4 a4 42. Ke3 a3 43. Kd4 f6 44. Bxg6 e5+ 45. fxe5 fxe5+ 46. Kxe5 Kc3 47. Nxa3 Kxd3 48. Kxf5 Ke3 49. Kg5 Kf3 50. Kxh5 Kxg3 51. Kg5 1-0


[Site "https://www.chess.com"]

[Event "Titled Tuesday Blitz May 31 Early 2022"]
[White "Lianes Garcia, Marcos"]
[Black "Durarbayli, Vasif"]
[WhiteFideId "32060777"]
[BlackFideId "13402935"]
[WhiteElo "2310"]
[BlackElo "2528"]
[Result "0-1"]
[Round "06"]
[TimeControl "180+1"]
[Date "2022.05.31"]
[WhiteClock "0:00:03"]
[BlackClock "0:00:22"]

1. e4 e5 2. g3 Nf6 3. Bg2 Bc5 4. Ne2 O-O 5. O-O Re8 6. c3 Bb6 7. h3 c6 8. Kh2 d5 9. exd5 cxd5 10. d4 Nc6 11. Be3 e4 12. c4 dxc4 13. Nbc3 Bf5 14. Qa4 Rc8 15. Rad1 Qd7 16. Bg5 Nd5 17. Nxd5 Qxd5 18. Nc3 Qa5 19. d5 Nb4 20. Qxa5 Bxa5 21. d6 Nd3 22. Nd5 f6 23. Be3 Kf7 24. Ne7 Rxe7 25. dxe7 a6 26. Bd4 Re8 27. Bc3 Bb6 28. Rd2 Rxe7 29. Re2 h5 30. a3 g5 31. Bh1 g4 32. h4 Re6 33. Bg2 Bc5 34. Bh1 b5 35. Bg2 Bb6 36. Kg1 a5 37. Bd2 Bd4 38. Rb1 b4 39. Be3 Be5 40. axb4 axb4 41. Rc2 Rc6 42. Bf1 Be6 43. b3 c3 44. Be2 Ra6 45. Kf1 Ra3 46. Rd1 Bxb3 0-1


[Site "https://www.chess.com"]